Map: Dusty Gorge

Players

MoBigdIIck

  • Race: Terran Terran
  • Spawn Location: 3:00

Amis

  • Race: Terran Terran
  • League: Master
  • Spawn Location: 5:00

PureLegacy - Winner!

  • Race: Terran Terran
  • Spawn Location: 9:00

LOADBLASTER - Winner!

  • Race: Terran Terran
  • League: Grandmaster
  • Spawn Location: 11:00

VOD

Have the link to the VOD?

Description

Time

  • Played on: Nov. 29, 2018, 7:05 a.m.
  • Length: 12:46
Show
View Real Time Build Order
Export as new Build Order

MoBigdIIck Terran 

Build Orders: Liberator Opening 

Get SALT Encoding   

  12  0:00  SCV  
  13  0:13  SCV  
  14  0:18  Supply Depot  
  14  0:25  SCV  
  15  0:31  Refinery  
  15  0:39  SCV  
  16  0:45  Barracks  
  16  0:51  SCV  
  17  1:03  SCV  
  18  1:16  SCV  
  19  1:32  Refinery  
  19  1:34  Reaper  
  19  1:37  Orbital Command  
  20  1:53  Supply Depot  
  19  2:05  SCV  
  19  2:06  Factory, Reaper  
  21  2:19  SCV  
  22  2:31  SCV  
  23  2:39  Barracks Reactor  
  23  2:45  SCV  
  23  2:47  Command Center  
  23  2:51  Hellion  
  26  2:56  Starport  
  26  3:04  Supply Depot  
  26  3:06  SCV  
  26  3:12  Widow Mine  
  29  3:15  Marine  
  29  3:17  Marine  
  31  3:25  SCV  
  32  3:33  Marine, Widow Mine  
  35  3:35  Marine  
  36  3:41  Supply Depot  
  36  3:43  Liberator  
  35  4:04  Factory Tech Lab, Marine x2, Orbital Command  
  37  4:11  Supply Depot  
  37  4:22  Marine x2  
  37  4:23  Siege Tank  
  38  4:27  SCV  
  39  4:43  Marine x2  
  39  4:45  Starport Reactor  
  41  4:47  SCV x2  
  43  4:59  SCV x2  
  44  5:00  Siege Tank  
  44  5:01  Marine x2  
  45  5:18  Marine x2  
  40  5:30  Starport Reactor  
  38  5:35  SCV x2  
  39  5:47  Barracks, SCV  
  39  5:48  Barracks  
  42  5:51  Siege Tank  
  42  5:56  SCV  
  44  5:59  SCV  
  44  6:02  Marine x2  
  46  6:21  SCV x2  
  48  6:33  Starport Reactor  
  48  6:34  Factory Tech Lab  
  48  6:39  Marine, Stimpack  
  49  6:42  SCV x2  
  49  6:43  Marine x2  
  53  6:47  Supply Depot, Marine  
  53  6:48  Supply Depot  
  53  6:49  Marine  
  52  6:54  Supply Depot, SCV x2  
  52  6:59  Marine  
  55  7:01  Marine x2  
  55  7:03  Siege Tank  
  55  7:05  Marine  
  55  7:06  SCV  
  62  7:08  Marine, SCV  
  62  7:12  Medivac x2  
  68  7:18  SCV  
  68  7:21  SCV  
  70  7:26  Engineering Bay  
  70  7:27  Engineering Bay  
  70  7:37  SCV x2  
  70  7:38  Marine x5  
  76  7:53  Medivac x2  
  76  7:54  Siege Tank  
  81  8:07  Marine x4  
  81  8:08  Marine  
  81  8:10  Terran Infantry Armor Level 1  
  86  8:16  Supply Depot  
  86  8:32  Refinery, Supply Depot  
  86  8:33  Refinery  
  86  8:34  Supply Depot  
  86  8:38  SCV x2  
  86  8:40  Supply Depot, Combat Shield  
  88  8:41  Terran Infantry Weapons Level 1  
  88  8:50  SCV x2  
  88  8:55  Marine x5  
  94  9:02  Supply Depot, SCV x2  
  96  9:14  Marine x2, SCV x2, Siege Tank  
  96  9:15  Marine x3  
  104  9:33  Command Center  
  104  9:36  Armory  
  99  9:55  Marine x5  
  96  10:14  Marine  
  96  10:15  Marine x2, Siege Tank  
  101  10:25  Command Center  
  101  10:28  Starport Reactor  
  101  10:32  Marine x3  
  102  10:40  Barracks  
  102  10:45  SCV x2  
  104  10:50  Marine  
  104  10:53  Factory, Supply Depot  
  105  11:04  Marine x2  
  105  11:05  Siege Tank  
  105  11:08  Marine  
  94  11:18  Medivac  
  94  11:19  Medivac  
  94  11:22  Marine x2  
  100  11:26  Barracks, Marine  
  100  11:27  Barracks  
  100  11:30  Marine x2  
  101  11:37  Siege Tank  
  73  11:40  Marine x2  
  73  11:43  Marine  
  73  11:45  Factory Tech Lab  
  73  11:48  Marine x2  
  75  11:58  Marine x2  
  77  12:01  Marine  
  77  12:05  Marine  
  77  12:06  Marine, Siege Tank  
  83  12:10  Siege Tank  
  83  12:11  Medivac  
  83  12:12  Medivac  
  90  12:16  Marine x2  
  92  12:27  Marine x3  
  92  12:28  Barracks Reactor  
  92  12:29  Barracks Reactor  
  95  12:30  SCV x2  
  96  12:41  Sensor Tower  
Show
View Real Time Build Order
Export as new Build Order

Amis Terran 

Build Orders: Gas First Reaper Expand, Hellion Banshee, Mech 

Get SALT Encoding   

  12  0:01  SCV  
  13  0:13  SCV  
  14  0:19  Supply Depot  
  14  0:25  SCV  
  15  0:30  Refinery  
  15  0:41  SCV  
  16  0:46  Barracks  
  16  0:53  SCV  
  17  1:11  SCV  
  18  1:23  SCV  
  19  1:36  Orbital Command  
  19  1:40  Reaper  
  20  1:49  Command Center  
  20  1:59  Factory  
  20  2:03  SCV  
  21  2:12  Barracks Reactor  
  21  2:14  Supply Depot  
  21  2:15  SCV  
  21  2:21  Refinery  
  22  2:28  SCV  
  23  2:40  SCV  
  24  2:47  Starport  
  24  2:52  SCV  
  24  2:56  Hellion x2  
  29  3:00  Barracks Tech Lab, SCV  
  30  3:07  SCV  
  31  3:15  Orbital Command  
  31  3:19  SCV  
  32  3:22  Hellion  
  32  3:23  Hellion  
  36  3:31  SCV  
  36  3:32  Banshee  
  39  3:41  Cloaking Field  
  39  3:42  SCV  
  39  3:45  Supply Depot  
  40  3:54  Hellion x2  
  44  4:00  SCV  
  45  4:03  Supply Depot, SCV  
  46  4:12  SCV  
  47  4:24  SCV  
  47  4:28  Command Center  
  48  4:32  Factory x2  
  48  4:35  Viking  
  47  4:42  SCV  
  46  4:48  SCV  
  43  5:13  SCV x2  
  45  5:25  SCV x2  
  45  5:37  SCV  
  45  5:42  Supply Depot x2  
  46  5:54  Refinery, Supply Depot  
  46  6:01  Factory Tech Lab  
  46  6:03  Raven, SCV x2  
  50  6:12  Supply Depot x2  
  50  6:15  SCV x2  
  52  6:19  Factory Tech Lab  
  49  6:25  Siege Tank  
  49  6:28  SCV x2  
  54  6:38  Orbital Command  
  54  6:43  Siege Tank  
  58  6:54  SCV  
  58  6:57  Viking  
  60  7:01  SCV  
  60  7:02  Refinery  
  60  7:05  SCV  
  60  7:06  SCV  
  63  7:09  Siege Tank  
  63  7:14  Hellion, SCV  
  69  7:17  SCV  
  69  7:19  Supply Depot x2, SCV  
  69  7:20  Engineering Bay  
  71  7:26  SCV  
  62  7:41  SCV  
  62  7:44  SCV x2  
  50  7:52  Viking x2  
  50  7:53  SCV  
  50  7:56  SCV x2  
  55  8:05  SCV  
  56  8:06  Siege Tank x2  
  56  8:08  SCV  
  56  8:10  Orbital Command  
  63  8:17  Missile Turret, Factory, SCV  
  63  8:18  Missile Turret  
  64  8:20  SCV  
  64  8:22  Viking  
  67  8:29  SCV  
  67  8:32  SCV  
  69  8:36  SCV  
  69  8:39  Refinery  
  70  8:41  SCV  
  70  8:42  Refinery  
  70  8:44  SCV  
  70  8:46  Missile Turret  
  70  8:47  Missile Turret  
  70  8:48  Missile Turret x3, SCV  
  73  8:51  Armory  
  73  8:53  Armory, SCV  
  73  8:55  Missile Turret  
  74  8:56  SCV  
  74  9:00  SCV  
  74  9:01  Factory Reactor  
  76  9:05  SCV  
  76  9:06  Viking  
  76  9:08  Viking, SCV  
  82  9:12  SCV  
  83  9:18  SCV  
  83  9:20  SCV, Siege Tank  
  83  9:21  Siege Tank  
  91  9:24  SCV  
  91  9:25  Supply Depot  
  91  9:27  Infernal Pre-Igniter  
  91  9:30  SCV  
  93  9:33  SCV  
  93  9:36  SCV  
  95  9:38  Viking x2  
  95  9:40  Hellion x2  
  95  9:42  SCV  
  104  9:47  Siege Tank  
  104  9:51  Supply Depot  
  107  9:54  Siege Tank  
  107  9:55  Hellion  
  107  9:59  SCV  
  113  10:05  Missile Turret x2  
  104  10:19  Siege Tank  
  96  10:30  Hellion x2, Siege Tank x2  
  103  10:38  Viking  
  103  10:42  SCV  
  106  10:46  Viking  
  106  10:47  Supply Depot x2  
  106  10:49  Supply Depot  
  108  10:51  Siege Tank  
  108  10:52  Hellion, SCV  
  114  10:58  Supply Depot  
  114  11:02  Siege Tank  
  117  11:04  SCV  
  117  11:07  Viking  
  120  11:13  Siege Tank  
  120  11:14  Missile Turret  
  120  11:15  Missile Turret  
  120  11:16  Viking  
  125  11:25  Command Center  
  125  11:35  Siege Tank  
  125  11:37  Viking  
  130  11:46  Viking, Siege Tank x2  
  90  12:08  Siege Tank  
  90  12:09  Orbital Command  
  90  12:14  SCV x2  
  95  12:26  SCV  
Show
View Real Time Build Order
Export as new Build Order

PureLegacy Terran - Winner!

Build Orders:  

Get SALT Encoding   

  12  0:01  SCV  
  13  0:13  SCV  
  14  0:19  Supply Depot  
  14  0:25  SCV  
  15  0:32  Refinery  
  15  0:40  SCV  
  16  0:46  Barracks  
  16  0:53  SCV  
  17  1:02  Barracks  
  17  1:07  SCV  
  18  1:19  SCV  
  19  1:34  Barracks Tech Lab  
  19  1:38  Orbital Command  
  19  1:50  Supply Depot, Barracks Tech Lab  
  19  1:55  Marauder  
  19  1:59  Concussive Shells  
  21  2:04  SCV  
  22  2:12  Marauder  
  24  2:16  Marauder  
  24  2:19  Supply Depot  
  24  2:22  SCV  
  27  2:33  Marauder  
  27  2:36  SCV  
  30  2:41  Marauder  
  32  2:55  Marauder  
  34  3:01  Command Center  
  34  3:06  Marauder  
  36  3:15  Barracks  
  36  3:20  Refinery  
  36  3:24  Stimpack  
  36  3:26  SCV  
  37  3:39  Marauder  
  39  3:43  Supply Depot  
  39  4:04  Barracks Reactor  
  39  4:05  Factory, SCV  
  40  4:24  Marine x2  
  36  4:26  Engineering Bay, Orbital Command  
  36  4:27  SCV  
  39  4:41  SCV  
  39  4:42  Marine x4  
  44  4:50  Factory Reactor, Starport  
  44  4:54  SCV  
  44  4:59  Missile Turret  
  35  5:18  SCV x2  
  30  5:24  Marine x3  
  31  5:30  Starport Reactor  
  31  5:33  Missile Turret, SCV  
  32  5:37  SCV  
  33  5:46  Combat Shield  
  33  5:48  SCV  
  35  5:50  SCV  
  35  5:55  Siege Tank  
  38  6:00  SCV  
  38  6:02  SCV  
  40  6:08  Medivac x2  
  44  6:12  SCV  
  44  6:14  SCV  
  46  6:24  SCV  
  46  6:26  Supply Depot, SCV  
  46  6:27  Marine x4  
  46  6:28  Marine  
  52  6:32  Terran Infantry Weapons Level 1  
  52  6:37  SCV  
  52  6:38  SCV  
  54  6:45  Marine x5  
  54  6:46  Supply Depot  
  59  6:53  SCV x2  
  61  7:01  Command Center  
  61  7:05  SCV x2  
  63  7:09  Siege Tank  
  63  7:15  Supply Depot  
  66  7:17  SCV  
  66  7:18  SCV  
  66  7:22  Refinery x2  
  54  7:45  Medivac x2  
  54  7:49  Marine x5  
  61  7:53  SCV x2  
  61  7:54  Barracks  
  61  7:55  Barracks  
  61  8:05  SCV x2  
  55  8:12  Marine x2  
  54  8:13  Marine x2  
  54  8:16  Siege Tank  
  54  8:17  SCV x2  
  63  8:28  Engineering Bay  
  63  8:29  Terran Infantry Armor Level 1, SCV  
  64  8:34  SCV  
  64  8:38  Marine  
  64  8:39  Marine x4  
  70  8:45  Barracks Reactor x2, SCV  
  71  8:49  SCV  
  71  8:53  Armory  
  72  8:58  Medivac x2  
  72  9:02  SCV x2  
  78  9:11  Marine x5  
  78  9:14  SCV x2  
  84  9:22  Orbital Command  
  84  9:26  SCV x2  
  84  9:28  Medivac x2  
  90  9:36  Marine  
  90  9:37  Marine x6  
  90  9:38  SCV x2  
  99  9:44  Supply Depot  
  99  9:49  Marine x2  
  101  10:06  SCV x2, Siege Tank  
  104  10:20  Marine x2  
  104  10:21  Marine x6  
  92  10:25  Terran Infantry Weapons Level 2, Terran Infantry Armor Level 2  
  91  10:29  Marine  
  91  10:31  SCV x3  
  91  10:35  Medivac x2  
  91  10:38  Marine x2  
  91  10:39  Marine x2  
  97  10:43  Starport  
  97  10:44  Starport  
  97  10:45  Refinery x2  
  97  10:47  Marine x2  
  97  10:48  Marine  
  100  10:51  Terran Ship Weapons Level 1  
  100  10:54  SCV x3  
  103  10:57  Supply Depot  
  103  10:59  Supply Depot  
  103  11:14  Marine x6  
  109  11:19  Viking x2, Marine  
  109  11:22  Starport Reactor  
  109  11:25  Fusion Core  
  114  11:34  Command Center  
  114  11:42  Marine x5  
  114  11:43  Marine  
  110  11:58  Medivac x4  
  103  12:05  Marine x3  
  103  12:06  Marine x2  
  108  12:11  Medivac  
  104  12:21  Marine x2  
  104  12:22  Marine x2  
  100  12:23  SCV x3  
  100  12:27  Supply Depot x3  
  100  12:28  Supply Depot  
Show
View Real Time Build Order
Export as new Build Order

LOADBLASTER Terran - Winner!

Build Orders: 1/1/1, Banshee Rush 

Get SALT Encoding   

  12  0:01  SCV  
  13  0:13  SCV  
  14  0:18  Supply Depot  
  14  0:25  SCV  
  15  0:40  SCV  
  15  0:41  Barracks  
  16  0:45  Refinery  
  16  0:52  SCV  
  17  1:00  Refinery  
  17  1:04  SCV  
  18  1:16  SCV  
  19  1:28  Marine  
  19  1:29  Orbital Command  
  20  1:36  Factory  
  20  1:46  Supply Depot  
  20  1:48  Marine  
  21  1:56  SCV  
  24  2:08  SCV  
  23  2:19  Hellion  
  23  2:20  SCV  
  23  2:21  Starport  
  26  2:23  Barracks Tech Lab  
  26  2:32  SCV  
  27  2:46  Command Center  
  28  2:51  Barracks Reactor  
  28  2:53  Factory Tech Lab  
  28  3:02  Supply Depot  
  28  3:03  Cloaking Field  
  27  3:08  Banshee  
  30  3:13  SCV  
  31  3:25  SCV  
  32  3:28  Marine x2  
  32  3:32  Siege Tank  
  35  3:38  SCV  
  36  3:46  Marine x2  
  38  3:50  SCV  
  39  3:58  Banshee  
  39  4:00  Orbital Command  
  39  4:02  SCV  
  43  4:04  Marine  
  43  4:07  Marine  
  45  4:14  SCV  
  45  4:15  Supply Depot  
  46  4:18  Siege Tank  
  46  4:23  Marine  
  50  4:24  Marine  
  50  4:25  SCV  
  52  4:33  SCV  
  52  4:38  SCV  
  54  4:41  Viking  
  54  4:44  Marine  
  54  4:45  Marine, SCV  
  59  4:50  SCV  
  60  4:57  SCV  
  60  4:59  Siege Tank  
  58  5:02  Marine  
  60  5:09  SCV  
  60  5:13  SCV  
  60  5:14  Command Center  
  60  5:21  SCV  
  60  5:25  SCV  
  62  5:29  Stimpack  
  62  5:31  Starport Reactor  
  62  5:32  Supply Depot  
  62  5:43  Barracks  
  62  5:44  Refinery  
  62  5:45  Barracks  
  62  5:46  Refinery  
  62  5:54  SCV  
  62  5:55  Engineering Bay  
  62  5:57  Marine  
  63  5:59  Engineering Bay  
  63  6:01  SCV  
  65  6:06  SCV  
  66  6:13  SCV  
  66  6:18  Starport Reactor, SCV  
  64  6:24  Marine  
  64  6:25  Siege Tank  
  69  6:28  Orbital Command  
  69  6:30  Terran Infantry Weapons Level 1  
  68  6:33  Terran Infantry Armor Level 1  
  68  6:37  Marine x2  
  70  6:40  SCV x2  
  70  6:42  Marine  
  70  6:45  Marine  
  75  6:52  Orbital Command  
  74  6:55  Marine x2  
  74  7:00  Barracks  
  75  7:03  Barracks, Marine  
  75  7:05  Marine  
  75  7:06  SCV x2  
  79  7:12  Siege Tank  
  82  7:17  Marine x2  
  82  7:18  Supply Depot, SCV  
  82  7:21  Medivac, SCV  
  88  7:24  SCV  
  88  7:25  Marine  
  88  7:28  Marine  
  91  7:30  SCV  
  91  7:32  Marine  
  91  7:33  Combat Shield  
  91  7:34  Supply Depot  
  93  7:39  Marine x2, SCV x2  
  93  7:42  SCV  
  93  7:43  Refinery, Marine  
  99  7:50  Supply Depot, Marine  
  101  7:53  SCV, Barracks Reactor x2  
  101  7:55  SCV x2  
  101  7:56  Marine  
  102  7:59  Marine  
  102  8:05  SCV  
  104  8:07  SCV x2  
  104  8:10  Armory, Marine, Factory  
  104  8:11  Supply Depot  
  104  8:12  Marine  
  108  8:14  Marine x2  
  108  8:17  Marine, SCV  
  114  8:20  SCV x2  
  114  8:21  Supply Depot  
  114  8:26  Refinery  
  114  8:28  Marine  
  114  8:29  SCV  
  114  8:30  Marine  
  114  8:32  Marine x4  
  114  8:33  SCV  
  122  8:34  Supply Depot  
  122  8:35  Marine  
  122  8:39  Marine  
  122  8:41  Marine  
  125  8:43  Sensor Tower  
  125  8:46  Marine  
  125  8:48  Marine  
  127  8:49  Supply Depot  
  127  8:50  Marine  
  127  8:51  Marine  
  127  8:54  Marine  
  133  8:57  Factory Tech Lab  
  133  8:58  Marine  
  134  9:02  Terran Infantry Weapons Level 2  
  134  9:03  Terran Infantry Armor Level 2  
  134  9:04  Marine  
  134  9:05  Marine  
  134  9:06  Marine  
  134  9:09  Marine  
  135  9:13  Missile Turret, Marine  
  135  9:14  Missile Turret  
  135  9:15  Marine  
  135  9:17  Marine x2  
  137  9:23  Terran Vehicle Weapons Level 1  
  139  9:28  Siege Tank  
  139  9:30  Marine x2  
  144  9:33  Siege Tank  
  144  9:36  Medivac  
  144  9:37  Marine  
  150  9:41  Sensor Tower  
  150  9:44  Medivac, Supply Depot  
  150  9:45  Supply Depot, Marine  
  152  9:46  Marine  
  152  9:47  Marine  
  155  9:53  Marine  
  155  9:54  Marine  
  157  10:05  Marine x7  
  157  10:06  Medivac  
  166  10:08  Siege Tank  
  166  10:11  Marine  
  166  10:12  Marine  
  167  10:16  Medivac  
  163  10:23  Marine x2  
  163  10:25  Command Center  
  163  10:27  Marine  
  166  10:29  Siege Tank  
  166  10:30  Marine  
  166  10:31  Marine  
  166  10:32  Marine  
  172  10:37  Supply Depot  
  172  10:38  Marine  
  172  10:39  Supply Depot  
  173  10:59  Marine x8  
  173  11:00  Marine  
  173  11:01  Siege Tank  
  176  11:16  Marine x5  
  184  11:18  Marine  
  184  11:19  Marine  
  184  11:22  Barracks x2  
  184  11:25  Marine  
  174  11:36  Siege Tank x2  
  136  11:40  Marine  
  136  11:42  Marine  
  136  11:43  Marine  
  136  11:44  Marine  
  129  11:48  Planetary Fortress  
  129  11:51  SCV  
  131  11:54  Marine, SCV  
  131  11:55  Marine x2  
  131  11:57  Marine x2  
  136  12:02  SCV  
  136  12:03  Marine  
  138  12:08  Siege Tank x2  
  138  12:09  Medivac, Marine x2  
  138  12:10  Barracks Reactor x2  
  138  12:12  Marine  
  138  12:15  Marine  
  149  12:18  Marine x2  
  149  12:21  Marine x3  
  155  12:23  SCV  
  155  12:24  SCV  
  155  12:27  Marine x2  
Tags
 
Add a new tag
Caveats
  • Supply blocks, unpowered buildings, or Contaminate may cause inaccurate times.
  • Supply counts are checked every 10 seconds.